 Dungeon Crawl Stone Soup version 0.26.1-11-gd32895ea62 (webtiles) character file.

Game seed: 16005312355397753755

120 Zeld the Slasher (level 5, -1/36 HPs)
             Began as an Octopode Monk on May 18, 2021.
             Slain by a gnoll (9 damage)
             ... on level 3 of the Dungeon.
             The game lasted 00:02:11 (1651 turns).

Zeld the Slasher (Octopode Monk)                    Turns: 1651, Time: 00:02:11

Health: -1/36      AC:  1    Str: 11    XL:     5   Next: 4%
Magic:  5/5        EV: 14    Int: 12    God:
Gold:   97         SH:  0    Dex: 15    Spells: 4/4 levels left

rFire    . . .     SeeInvis .   a - +0 falchion
rCold    . . .     Faith    .   (no shield)
rNeg     . . .     Spirit   .   (helmet restricted)
rPois    .         Reflect  .   (no amulet)
rElec    .         Harm     .   (no ring)
rCorr    .         Rampage  .   (no ring)
Will     .....                  (no ring)
Stlth    +++.......             (no ring)
HPRegen  0.12/turn              (no ring)
MPRegen  0.09/turn              (no ring)
                                (no ring)
                                (no ring)

@: no status effects
A: almost no armour, stealthy swim, amphibious, 8 rings, constrict 8, camouflage
1, gelatinous body 1
a: no special abilities


You were on level 3 of the Dungeon.
You visited 1 branch of the dungeon, and saw 3 of its levels.

You collected 97 gold pieces.

Inventory:

Hand Weapons
 a - a +0 falchion (weapon)
Jewellery
 l - an uncursed ring of protection from cold {unknown}
Scrolls
 b - a scroll of immolation {unknown}
 c - 4 scrolls of identify {unknown}
 f - 4 scrolls of remove curse {unknown}
 i - a scroll of amnesia {unknown}
 j - a scroll of enchant armour {unknown}
Potions
 d - 4 potions of curing {unknown}
 e - 2 potions of heal wounds {unknown}
 g - a potion of flight {unknown}
 h - a potion of brilliance {unknown}
 k - a potion of attraction {unknown}
 m - a potion of invisibility {unknown}


   Skills:
 - Level 3.0 Fighting
 * Level 5.5 Long Blades
 - Level 3.0 Dodging
 - Level 2.6 Stealth


You had 4 spell levels left.
You didn't know any spells.
Your spell library was empty.

Dungeon Overview and Level Annotations

Branches:
Dungeon (3/15)

Altars:
Dithmenos
Xom


Innate Abilities, Weirdness & Mutations

You cannot wear most types of armour.
You are very stealthy in the water. (Stealth+)
You are amphibious.
You can wear up to eight rings at the same time.
You can use your tentacles to constrict eight enemies at once.
Your skin changes colour to match your surroundings (Stealth+).
Your rubbery body absorbs attacks. (AC +1, EV +1)


Message History

You hit the gnoll. You grab the gnoll.
The gnoll is moderately wounded.
You constrict the gnoll.
There are monsters nearby!
You hit the gnoll but do no damage. You squeeze the gnoll.
The gnoll is heavily wounded.
You constrict the gnoll. The gnoll hits you with a +0 halberd!
The gnoll closely misses you.
You release your grip on the gnoll.
The gnoll barely misses you. The gnoll closely misses you. x2
You hit the gnoll. You grab the gnoll.
The gnoll is almost dead.
You constrict the gnoll. The gnoll hits you! The gnoll closely misses you.
The gnoll barely misses you.
You riposte.
You hit the gnoll. You grab the gnoll.
The gnoll is moderately wounded.
The gnoll hits you with a +0 halberd!
* * * LOW HITPOINT WARNING * * *
You release your grip on the gnoll. x2; The gnoll hits you!
You die...

#<#...........†.....#.#
###..####...........#.#
...>.# #...........#.#
###...# #.......†)..#.##.
#...####...........#....
....................).#
.#...#####.###########...
#.#...#####.# #..
#...gg.@..# ..
......gg......... .
......########... .
...... . ..... ####+


You could see 4 gnolls.

Vanquished Creatures
  Jessica (D:3)
  Natasha (D:3)
  2 adders (D:2)
  2 oozes (D:2)
  3 dart slugs
  A leopard gecko (D:3)
  A ball python (D:2)
  2 giant cockroaches (D:2)
  3 goblins
  3 hobgoblins
  3 jackals (D:1)
  4 bats
  3 frilled lizards
  5 kobolds
  6 rats
40 creatures vanquished.

Notes
Turn   | Place    | Note
-------+----------+-------------------------------------------
     0 | D:1      | Zeld the Octopode Monk began the quest for the Orb.
     0 | D:1      | Reached XP level 1. HP: 16/16 MP: 1/1
   180 | D:1      | Reached XP level 2. HP: 21/21 MP: 2/2
   507 | D:1      | You fall into a shaft and drop 1 floor!
   509 | D:2      | Found a shadowy altar of Dithmenos.
   511 | D:2      | Found a shimmering altar of Xom.
   719 | D:1      | Reached skill level 4 in Long Blades
   968 | D:2      | Reached XP level 3. HP: 24/26 MP: 3/3
  1342 | D:2      | Reached XP level 4. HP: 31/31 MP: 4/4
  1487 | D:3      | Noticed Natasha
  1495 | D:3      | Killed Natasha
  1496 | D:3      | Reached skill level 5 in Long Blades
  1506 | D:3      | Noticed Jessica
  1513 | D:3      | Killed Jessica
  1514 | D:3      | Reached XP level 5. HP: 24/36 MP: 5/5
  1651 | D:3      | Slain by a gnoll

Illustrated notes

Levels and vault maps discovered:
D:1:      minmay_arrival_five_plusses, layout_basic
D:2:      layout_rooms, chequers_temple_overflow_statue_of_worship
D:3:      kennysheep_big_flooded_room, layout_basic, minmay_cupped, uniq_ijyb,
          uniq_sigmund, uniq_crazy_yiuf_cottage, uniq_jessica, uniq_natasha

Skill      XL: |  1  2  3  4 |
---------------+-------------+-----
Long Blades    | 4 5 |  5.5
Fighting       | |  3.0
Dodging        | |  3.0
Stealth        | |  2.6

Action                   |  1- 3 |  4- 6 || total
-------------------------+-------+-------++-------
Melee: Falchion          |    57 |    14 ||    71
       Constrict         |    19 |     7 ||    26
       Tentacles         |    15 |     5 ||    20
 Stab: Sleeping          |    12 |     1 ||    13
       Distracted        |     1 |       ||     1
Armor: Skin              |     1 |     1 ||     2
Dodge: Dodged            |    49 |    13 ||    62
       Rpst.: Falchion   |    12 |     3 ||    15
